 Dungeon Crawl Stone Soup version 0.29.0-15-g675c0067aa (webtiles) character file.

Game seed: 6263629577252606751

291 lmSkywalker the Chiller (level 6, -7/41 HPs)
             Began as a Demonspawn Ice Elementalist on Sept 12, 2022.
             Was a Follower of Yredelemnul.
             Mangled by an orc priest
             ... wielding a +0 trident
              (9 damage)
             ... on level 3 of the Dungeon.
             The game lasted 00:12:30 (4312 turns).

lmSkywalker the Chiller (DsIE)                      Turns: 4312, Time: 00:12:31

Health: -7/41      AC:  4    Str: 15    XL:     6   Next: 10%
Magic:  6/12       EV: 12    Int: 18    God:    Yredelemnul [*.....]
Gold:   108        SH:  0    Dex: 18    Spells: 6/13 levels left

rFire   . . .      SeeInvis .   j - +0 short sword
rCold   . . .      Faith    .   (no shield)
rNeg    . . .      Spirit   .   a - +0 robe
rPois   +          Reflect  .   (no helmet)
rElec   .          Harm     .   o - +1 cloak {rPois}
rCorr   .          Rampage  .   (no gloves)
Will    .....                   (no boots)
Stlth   +++.......              x - amulet of magic regeneration
HPRegen 0.13/turn               k - ring of wizardry
MPRegen 0.53/turn               l - ring of Foalax {Str+6 Dex+3}

@: freezing walls
A: thin skeletal structure 1, spiny 1
a: Renounce Religion, Recall Undead Harvest


You were on level 3 of the Dungeon.
You worshipped Yredelemnul.
Yredelemnul was noncommittal.
You visited 1 branch of the dungeon, and saw 3 of its levels.

You collected 108 gold pieces.

Inventory:

Hand Weapons
 c - a +0 hand axe
 d - a +0 dagger
 j - a +0 short sword (weapon)
 u - a +0 trident
Missiles
 g - 3 curare-tipped darts
 i - 18 stones
Armour
 a - a +0 robe (worn)
 o - a +1 cloak of poison resistance (worn)
Magical Staves
 e - a staff of fire
 w - a staff of poison
Jewellery
 k - a ring of wizardry (left hand)
 l - the ring of Foalax (right hand) {Str+6 Dex+3}
   (You found it on level 2 of the Dungeon)

   [ring of strength]

   Str:       It affects your strength (+6).
   Dex:       It affects your dexterity (+3).
 x - an amulet of magic regeneration (around neck)
Wands
 t - a wand of flame (15)
Scrolls
 f - a scroll of identify {unknown}
 h - a scroll of immolation {unknown}
 m - 4 scrolls of noise {unknown}
 q - 2 scrolls of teleportation {unknown}
 s - a scroll of enchant weapon {unknown}
 v - a scroll of blinking {unknown}
 y - a scroll of silence {unknown}
Potions
 b - a potion of magic
 n - a potion of haste {unknown}
 p - a potion of flight {unknown}
 r - 2 potions of berserk rage {unknown}
 z - a potion of degeneration {unknown}


   Skills:
 - Level 1.7 Dodging
 - Level 1.7 Stealth
 + Level 4.4 Spellcasting
 + Level 5.4 Ice Magic


You had 6 spell levels left.
You knew the following spells:

 Your Spells              Type           Power      Damage    Failure   Level
a - Freeze                Ice            92%        1d10      1%          1
b - Frozen Ramparts       Ice            46%        1d7       1%          3
c - Ozocubu's Armour      Ice            23%        N/A       1%          3

Your spell library contained the following spells:

 Spells                   Type           Power      Damage    Failure   Level
 Sting                    Tmut/Pois      12%        1d3       6%          1
 Poisonous Vapours        Pois/Air       6%         N/A       9%          2
 Hailstorm                Conj/Ice       13%        3d5       19%         4
 Olgreb's Toxic Radiance  Pois           3%         N/A       45%         4
 Borgnjor's Revivificati  Necr           1%         N/A       100%        8
 Necromutation            Tmut/Necr      1%         N/A       100%        8
 Death's Door             Necr           1%         N/A       100%        9


Dungeon Overview and Level Annotations

Branches:
Dungeon (3/15)

Altars:
Yredelemnul

Shops:
D:2 [


Innate Abilities, Weirdness & Mutations

You have a somewhat thin skeletal structure. (Dex +2, Stealth+)
You are partially covered in sharp spines.


Message History

Press: ? - help, Q - select action, (/) - cycle Shift-Dir - straight line, f - orc
Aim: an orc, wielding a +0 dagger (heavily wounded, ally target)
You freeze the orc!
You kill the orc!
The dead are walking!
Something hits your endoplasm zombie.
Your frozen ramparts will break if you move.
Continue?
Okay, then.
Your frozen ramparts will break if you move.
Continue?
The frozen ramparts melt away as you move.
Your endoplasm zombie closely misses the orc priest.
The orc priest hits your endoplasm zombie with a +0 trident!
Your endoplasm zombie is destroyed!
What are your orders? t - Shout!
Orders for allies: a - Attack new target. r - Retreat! s - Stop attacking. g - Guard the area. f - Follow me.
Anything else - Cancel.
Gang up on whom?
Press: ? - help, Dir - move target, f - orc priest
Aim: an orc priest, wielding a +0 trident Attack!
The orc priest hits you from afar with a +0 trident.
* * * LOW HITPOINT WARNING * * *
Okay, then.
Casting: Freeze (safe; 1% risk of failure)
Confirm with . or Enter, or press ? or * to list all spells.
Casting: Frozen Ramparts (safe; 1% risk of failure)
Press: ? - help, Dir - look around, f - activate The walls around you are covered in ice.
The wall freezes the orc priest.
The orc priest barely misses you.
The wall freezes the orc priest but does no damage.
Your orc zombie hits the orc priest.
The wall freezes the orc priest!
The orc priest barely misses you.
The wall freezes the orc priest.
The orc priest hits you from afar with a +0 trident.
* * * LOW HITPOINT WARNING * * *
The wall freezes the orc priest but does no damage.
The orc priest hits you from afar with a +0 trident!
You die...
Your body rises from the dead as a mindless zombie.

#..#
#....##.##..##
#..#
#.......##....
#..#.
#....######.##
##.##. ##....#
#.# #..#..
#..#### #.#
##.#... ##Z##
...... ###..#
#......###Z.Z####
##...))o.@.....#
##...##Z#####.#
#..o! #o# # #....
..# #. .### # .#
##


You could see 2 orc priests, 2 friendly rat zombies, a friendly worm zombie and
a friendly orc zombie.

Vanquished Creatures
  2 orc priests (D:3)
  Terence (D:3)
  Natasha (thrice) (D:2)
  An orc wizard (D:3)
  3 adders
  4 worms
  9 orcs (D:3)
  A ball python (D:1)
  4 endoplasms
  3 goblins (D:2)
  4 hobgoblins
  3 jackals (D:3)
  3 kobolds (D:1)
  3 quokkas
  3 bats
  6 frilled lizards
  7 rats
60 creatures vanquished.

Vanquished Creatures (collateral kills)
  A worm (D:2)
  An orc (D:3)
2 creatures vanquished.

Vanquished Creatures (others)
  An adder zombie (D:3)
  A human zombie (D:3)
  2 endoplasm zombies
  2 frilled lizard zombies
  A goblin zombie (D:2)
  A hobgoblin zombie (D:3)
  4 orc zombies (D:3)
  4 fungi (D:1)
16 creatures vanquished.

Grand Total: 78 creatures vanquished

Notes
Turn   | Place    | Note
-------+----------+-------------------------------------------
     0 | D:1      | lmSkywalker the Demonspawn Ice Elementalist began the quest
                  | for the Orb.
     0 | D:1      | Reached XP level 1. HP: 13/13 MP: 3/3
   432 | D:1      | Gained mutation: You have a somewhat thin skeletal
                  | structure. (Dex +2, Stealth+) [demonic ancestry]
   432 | D:1      | Reached XP level 2. HP: 19/19 MP: 3/5
   920 | D:1      | Found a faded altar of an unknown god.
   923 | D:1      | Prayed at the altar of an unknown god.
   923 | D:1      | Became a worshipper of Yredelemnul the Dark
   923 | D:1      | Reached * piety under Yredelemnul
  1026 | D:2      | Found Plog's Antique Armour Emporium.
  1054 | D:2      | Reached skill level 4 in Ice Magic
  1708 | D:2      | Noticed Natasha
  1718 | D:2      | Reached XP level 3. HP: 12/24 MP: 2/7
  1973 | D:2      | Killed Natasha
  2068 | D:2      | Learned a level 3 spell: Frozen Ramparts
  2072 | D:2      | Learned a level 3 spell: Ozocubu's Armour
  2283 | D:2      | Noticed Natasha
  2293 | D:2      | Killed Natasha
  2294 | D:2      | Gained mutation: You are partially covered in sharp spines.
                  | [demonic ancestry]
  2294 | D:2      | Reached XP level 4. HP: 21/30 MP: 5/8
  2839 | D:2      | Identified the ring of Foalax {Str+6 Dex+3}
  3195 | D:2      | Noticed Natasha
  3341 | D:2      | Killed Natasha
  3473 | D:3      | Reached XP level 5. HP: 35/35 MP: 2/10
  3563 | D:3      | Noticed Terence
  3574 | D:3      | Killed Terence
  3661 | D:3      | Reached skill level 5 in Ice Magic
  3934 | D:3      | Reached ** piety under Yredelemnul
  4064 | D:3      | Your ally Terence died
  4302 | D:3      | Reached XP level 6. HP: 25/41 MP: 7/12
  4311 | D:3      | HP: 2/41 [orc priest/+0 trident (6)]
  4312 | D:3      | Mangled by an orc priest

Illustrated notes

Levels and vault maps discovered:
D:1:      scummos_arrival_checkerplants, layout_loops_corners,
          hellmonk_ecumenical_altar_inner_sanctum, dreamdust_princess_bridge,
          minmay_cut_off
D:2:      layout_loops_ring, serial_shops, nicolae_shop_crystal, uniq_natasha
D:3:      layout_loops_cross, serial_shops, shop,
          minmay_randomly_rotated_circles, uniq_terence, uniq_robin

Skill      XL: |  1  2  3  4  5 |
---------------+----------------+-----
Ice Magic      | 4 5 |  5.4
Spellcasting   | 3 4 |  4.4
Dodging        | |  1.7
Stealth        | |  1.7

Action                   |  1- 3 |  4- 6 || total
-------------------------+-------+-------++-------
Melee: Hand axe          |    14 |       ||    14
       Unarmed           |     4 |       ||     4
       Short sword       |    12 |    19 ||    31
Throw: Stone             |     6 |       ||     6
       Dart              |     3 |       ||     3
 Cast: Freeze            |    36 |     8 ||    44
       Frozen Ramparts   |       |    18 ||    18
       Ozocubu's Armour  |       |     5 ||     5
 Stab: Sleeping          |     4 |     5 ||     9
Armor: Robe              |     6 |     4 ||    10
Dodge: Dodged            |    23 |    10 ||    33
